 Dungeon Crawl Stone Soup version 0.28.0 (webtiles) character file.

Game seed: 10984044210625387288

128 Sanktem7 the Skirmisher (level 4, -1/41 HPs)
             Began as a Minotaur Fighter on Feb 16, 2022.
             Slain by Crazy Yiuf (7 damage)
             ... on level 3 of the Dungeon.
             The game lasted 00:02:59 (2444 turns).

Sanktem7 the Skirmisher (Minotaur Fighter)          Turns: 2444, Time: 00:03:00

Health: -1/41      AC:  7    Str: 23    XL:     4   Next: 87%
Magic:  0/3        EV: 10    Int:  5    God:
Gold:   164        SH:  4    Dex:  9    Spells: 3/3 levels left

rFire   + . .      SeeInvis .   a - +0 war axe
rCold   . . .      Faith    .   c - +0 buckler
rNeg    . . .      Spirit   .   n - +1 ring mail {rF+}
rPois   +          Reflect  .   (helmet restricted)
rElec   .          Harm     .   (no cloak)
rCorr   .          Rampage  .   (no gloves)
Will    .....                   (no boots)
Stlth   ..........              (no amulet)
HPRegen 0.13/turn               s - ring of poison resistance
MPRegen 0.08/turn               (no ring)

@: no status effects
A: horns 2, retaliatory headbutt
a: no special abilities


You were on level 3 of the Dungeon.
You visited 1 branch of the dungeon, and saw 3 of its levels.

You collected 164 gold pieces.

Inventory:

Hand Weapons
 a - a +0 war axe (weapon)
Armour
 b - a +0 scale mail
 c - a +0 buckler (worn)
 n - a +1 ring mail of fire resistance (worn)
Jewellery
 s - a ring of poison resistance (left hand)
Wands
 r - a wand of acid (9)
Scrolls
 e - 2 scrolls of magic mapping {unknown}
 f - 4 scrolls of identify {unknown}
 g - 2 scrolls of teleportation {unknown}
 j - 2 scrolls of noise {unknown}
 k - a scroll of blinking {unknown}
 l - 2 scrolls of silence {unknown}
 p - a scroll of amnesia {unknown}
Potions
 d - a potion of might
 h - 2 potions of berserk rage {unknown}
 i - a potion of heal wounds {unknown}
 m - a potion of invisibility {unknown}
 o - a potion of lignification {unknown}
 q - 2 potions of curing {unknown}


   Skills:
 * Level 4.9 Fighting
 * Level 4.4 Axes
 * Level 4.4 Armour
 + Level 0.4 Dodging
 - Level 3.6 Shields


You had 3 spell levels left.
You didn't know any spells.
Your spell library was empty.

Dungeon Overview and Level Annotations

Branches:
Dungeon (3/15)

Altars:
Qazlal
Yredelemnul

Shops:
D:1 (

Annotations:
D:3 Crazy Yiuf


Innate Abilities, Weirdness & Mutations

You have a pair of horns on your head.
You reflexively headbutt those who attack you in melee.


Message History

The frilled lizard bites you but does no damage.
You miss the frilled lizard. You block the frilled lizard's attack.
You miss the frilled lizard. You block the frilled lizard's attack.
You closely miss the frilled lizard. The frilled lizard closely misses you.
The frilled lizard bites you but does no damage.
You closely miss the frilled lizard.
Your headbutt misses the frilled lizard.
The frilled lizard bites you but does no damage.
You completely miss the frilled lizard.
Your headbutt misses the frilled lizard.
The frilled lizard misses you. You furiously retaliate!
You headbutt the frilled lizard!
You kill the frilled lizard!
Crazy Yiuf shouts!
Could not explore, unopened runed door.
You open the door.
Crazy Yiuf hits you with a +4 quarterstaff of chaos!
There is an open translucent door, spattered with blood here.
You hit Crazy Yiuf. Your headbutt misses Crazy Yiuf.
Crazy Yiuf is lightly wounded.
Crazy Yiuf laughs, "Iron verde bag!"
Crazy Yiuf hits you with a +4 quarterstaff of chaos!
Crazy Yiuf freezes you.
Crazy Yiuf hits you with a +4 quarterstaff of chaos!
* * * LOW HITPOINT WARNING * * *
You feel your power leaking away.
You hit Crazy Yiuf but do no damage. You headbutt Crazy Yiuf.
Crazy Yiuf is heavily wounded.
Crazy Yiuf hits you with a +4 quarterstaff of chaos.
* * * LOW HITPOINT WARNING * * *
Crazy Yiuf freezes you.
* * * LOW HITPOINT WARNING * * *
You barely miss Crazy Yiuf.
Crazy Yiuf is heavily wounded.
Crazy Yiuf whimpers, "Cholesterol!"
Crazy Yiuf barely misses you.
You hit Crazy Yiuf.
Crazy Yiuf is severely wounded.
Crazy Yiuf hits you with a +4 quarterstaff of chaos!
You die...

######## ##....#.###
####
#####......#..##...#
#.........####.@g..#
#........## ###..)#
##.....#### ####
.......# .......#
.......# ###
.......# #.#
.......# #.#
######.# #.#


You could see Crazy Yiuf.

Vanquished Creatures
  Terence (D:3)
  2 hound zombies (D:3)
  An adder (D:3)
  An adder zombie (D:3)
  3 dart slugs
  4 bats
  5 endoplasms
  2 giant cockroaches
  8 goblins
  6 hobgoblins
  5 jackals
  2 quokkas
  5 ball pythons
  A ball python zombie (D:3)
  A frilled lizard (D:3)
  6 kobolds
  A rat (D:3)
54 creatures vanquished.

Notes
Turn   | Place    | Note
-------+----------+-------------------------------------------
     0 | D:1      | Sanktem7 the Minotaur Fighter began the quest for the Orb.
     0 | D:1      | Reached XP level 1. HP: 19/19 MP: 0/0
    52 | D:1      | Reached XP level 2. HP: 26/27 MP: 1/1
   169 | D:1      | Found Pozxufam's Weapon Shop.
   664 | D:2      | Reached XP level 3. HP: 34/34 MP: 2/2
  1146 | D:3      | Noticed Terence
  1153 | D:3      | Killed Terence
  1263 | D:3      | Reached XP level 4. HP: 41/41 MP: 3/3
  1286 | D:3      | Found a runed translucent door.
  1287 | D:3      | Noticed Crazy Yiuf
  1407 | D:3      | Found a basalt altar of Yredelemnul.
  1678 | D:3      | Found a faded altar of an unknown god.
  2393 | D:3      | Found a stormy altar of Qazlal.
  2444 | D:3      | Slain by Crazy Yiuf

Illustrated notes

Levels and vault maps discovered:
D:1:      amcnicky_arrival_flooded_fountain, layout_rooms, serial_shops,
          nicolae_shop_hallway_stairs
D:2:      layout_basic
D:3:      layout_basic, mainiacjoe_overflow_alcove_2,
          nicolae_yredelemnul_corpse_copse,
          shapermc_ecumenical_altar_mp_highgroup, kennysheep_generic_room_7,
          uniq_crazy_yiuf_cottage, uniq_terence

Skill      XL: |  1  2  3  4 |
---------------+-------------+-----
Fighting       | 4 |  4.9
Armour         | 4 |  4.4
Axes           | 3 4 |  4.4
Dodging        | |  0.4
Shields        | |  3.6

Action                   |  1- 3 |  4- 6 || total
-------------------------+-------+-------++-------
Melee: War axe           |    68 |    47 ||   115
       Headbutt          |     8 |    13 ||    21
Armor: Scale mail        |    20 |       ||    20
       Ring mail         |    14 |    17 ||    31
Dodge: Dodged            |    33 |    25 ||    58
Block: Buckler           |    17 |     8 ||    25
